 Dungeon Crawl Stone Soup version 0.19-a0-1626-g5215c36 (webtiles) character file.

1469 Fuzzwah the Cleaver (level 8, -4/106 HPs)
             Began as a Minotaur Berserker on Sept 18, 2016.
             Was a Priest of Trog.
             Slain by an orc warrior
             ... wielding a +0 halberd
              (9 damage)
             ... on level 7 of the Dungeon.
             The game lasted 00:17:57 (4417 turns).

Fuzzwah the Cleaver (Minotaur Berserker)            Turns: 4417, Time: 00:17:58

Health: -4/106     AC:  8    Str: 27    XL:     8   Next: 49%
Magic:  8/8        EV: 14    Int:  4    God:    Trog [***...]
Gold:   107        SH:  0    Dex: 12    Spells: 0 memorised, 7 levels left

rFire  . . .     SeeInvis .     q - +4 mace (protect)
rCold  . . .     Gourm    .     b - +0 animal skin
rNeg   . . .     Faith    .     (no shield)
rPois  .         Spirit   .     (helmet restricted)
rElec  .         Dismiss  .     y - +0 cloak
rCorr  .         Reflect  .     (no gloves)
MR     .....     Harm     .     (no boots)
Stlth  ..........               (no amulet)
                                (no ring)
                                u - ring of stealth {Stlth+}

@: berserking, very slightly contaminated, very quick
A: retaliatory headbutt, horns 2
a: Berserk, Trog's Hand, Burn Spellbooks, Renounce Religion


You were on level 7 of the Dungeon.
You worshipped Trog.
Trog was most pleased with you.
You were full.

You visited 1 branch of the dungeon, and saw 7 of its levels.

You collected 178 gold pieces.
You spent 71 gold pieces at shops.

Inventory:

Hand Weapons
 a - a +0 hand axe
 g - a +1 spear of freezing
   (You found it on level 1 of the Dungeon)
 q - a +4 mace of protection (weapon)
   (You found it on level 3 of the Dungeon)
Missiles
 r - 4 curare-tipped needles
 F - a throwing net {=f, !d}
Armour
 b - a +0 animal skin (worn)
 y - a +0 cloak (worn)
   (You took it off Crazy Yiuf on level 4 of the Dungeon)
Jewellery
 u - a ring of stealth (left hand) {Stlth+}
   (You found it on level 4 of the Dungeon)
Wands
 m - a wand of polymorph (16/24)
   (You found it on level 2 of the Dungeon)
 w - a wand of polymorph (12/24)
   (You found it on level 4 of the Dungeon)
 x - a wand of hasting (7/9)
   (You found it on level 4 of the Dungeon)
 D - a wand of enslavement (12/24)
   (You found it on level 5 of the Dungeon)
Scrolls
 h - 4 scrolls of remove curse
 i - a scroll of fear
 l - 3 scrolls of recharging
 o - a scroll of teleportation
Potions
 d - 2 potions of degeneration {unknown}
 n - 4 potions of curing
 p - a potion of heal wounds {unknown}
 s - a potion of agility {unknown}
 z - a potion of lignification {unknown}
 A - a potion of mutation {!q}
 G - a potion of ambrosia {unknown}
 H - a potion of flight {unknown}
Comestibles
 c - 4 bread rations {@e1}
 f - 3 meat rations {@e2}


   Skills:
 + Level 6.7 Fighting
 * Level 8.4 Axes
 + Level 5.8 Armour
 + Level 5.5 Dodging
 * Level 2.0 Evocations


You had 7 spell levels left.
You didn't know any spells.

Dungeon Overview and Level Annotations

Branches:
Dungeon (7/15)             Temple (0/1) D:5

Altars:
Cheibriados
Elyvilon
Okawaru
Trog
Vehumet
Xom
Yredelemnul
The Shining One

Shops:
D:5 (![%


Innate Abilities, Weirdness & Mutations

You reflexively headbutt those who attack you in melee.
You have a pair of horns on your head.


Message History

As you read the scroll labeled UHUPNU FIGH, it crumbles to dust.
You hear a loud clanging noise!
It was a scroll of noise.
You hear a shout! x8
Blink to where?
You are very lightly contaminated with residual magic.
As you read the scroll labeled UVAAK OLLISOCI, it crumbles to dust.
It was a scroll of blinking.
An orc wizard comes into view. It is wielding a dagger.
The orc wizard moves out of view.
You regained 2 hp, and now have 65/71 hp.
No target in view!
An orc comes into view.
It is wielding a hand axe. 2 orcs come into view.
You see here a meat ration {@e2}.
The orc moves out of view.
The orc shouts!
You hit the orc but do no damage. The orc closely misses you.
The orc wizard shouts!
You sock the orc!
You kill the orc!
Trog accepts your kill. The orc wizard casts a spell at you.
You resist with some effort. The orc hits you but does no damage.
Items here: ) [[ † a hand axe; a leather armour; a ring mail; an orc corpse You hit the orc.
The orc misses you.
You sock the orc!
You kill the orc!
Trog accepts your kill. The orc wizard casts a spell at you.
You resist with some effort.
A giant cockroach comes into view.
You sock the orc!
You kill the orc!
Trog accepts your kill.
Items here: ))) [[[ †† An orc warrior comes into view.
It is wielding a halberd.
The orc wizard misses you.
You barely miss the orc wizard.
The orc wizard hits you but does no damage.
The giant cockroach bites you.
The orc wizard hits you but does no damage.
An adder comes into view.
You take 2 damage, and have 66/71 hp.
The adder hisses angrily.
You hit the orc wizard.
The giant cockroach bites you but does no damage.
The orc wizard casts a spell at you. The puff of flame hits you!
The giant cockroach closely misses you.
You take 5 damage, and have 61/71 hp.
You closely miss the orc wizard. You headbutt the orc wizard.
The orc warrior hits you from afar with a halberd.
The giant cockroach barely misses you. You furiously retaliate!
You headbutt the giant cockroach. The orc wizard misses you.
You take 1 damage, and have 60/71 hp.
You hit the orc wizard but do no damage.
The orc warrior barely misses you.
The giant cockroach bites you but does no damage.
The orc wizard barely misses you. You furiously retaliate!
You headbutt the orc wizard!
You kill the orc wizard!
Trog accepts your kill.
Trog appreciates your killing of a magic user.
The orc warrior hits you from afar with a halberd!!
Items here: ))) [[[ †† You take 26 damage, and have 34/71 hp.
MASSIVE DAMAGE!!
The giant cockroach bites you.
You take 1 damage, and have 33/71 hp.
You are too injured to fight recklessly!
You are too injured to fight recklessly!
You are too injured to fight recklessly!
You hit the giant cockroach.
The giant cockroach bites you but does no damage.
You sock the giant cockroach!
You kill the giant cockroach!
Trog accepts your kill.
The orc warrior hits you from afar with a halberd!
* * * LOW HITPOINT WARNING * * *
You take 17 damage, and have 17/71 hp.
MASSIVE DAMAGE!!
The adder bites you but does no damage.
You see here a meat ration {@e2}.
A red film seems to cover your vision as you go berserk!
You feel yourself moving faster!
You feel mighty!
You feel somewhat less full. The orc warrior closely misses you.
The adder barely misses you.
You now have 26/106 hp.
You bludgeon the adder!!
You kill the adder!
Trog accepts your kill.
Your Evocations skill increases to level 2!
The orc warrior hits you from afar with a halberd!!
* * * LOW HITPOINT WARNING * * *
You take 21 damage, and have 5/106 hp.
You thump the orc warrior!
You hear a shout!
The orc warrior hits you with a halberd!
You die...

* ********** *,*,,,*
***,,,,,* *****,*,..#
,,,,***,***##*<,,,,,,..#
**,,,,,,,,>..##***,##..#
**,,,,*,***#...,,,,....#
**,,,,,,***#..####,#...#
**,,,,,,,,,#..#..,,#...#
***,,,,,**,#.o#.####...######
* *,,,,,**,#..#o@%.....#...<#
***,,,,,**,#).)#####.#.#.####
,,,,,,.......?.........#.#
,,,,,,.....###.#####.###.#
,,,,,,....,,,...,* #.....#
,,,,,,...,***#.#.**#######
******#.,** #.#..,,,,,,,* *
#,,* #.#*##*****,*
*******,,****#..,,,,,,,*,*


You could see an orc warrior.

Vanquished Creatures
  Prince Ribbit (D:5)
  Sigmund (D:4)
  Eustachio (D:4)
  An ice beast (D:6)
  2 ogres (D:4)
  Blork the orc (D:4)
  A bullfrog (D:6)
  2 crimson imps (D:6)
  A bullfrog skeleton (D:6)
  2 hounds
  Crazy Yiuf (D:4)
  3 orc wizards
  2 worker ants
  A killer bee zombie (D:6)
  5 adders
  10 gnolls
  A shadow imp (D:6)
  2 oozes
  An adder zombie (D:6)
  3 worms
  3 leopard geckos
  12 orcs
  5 giant cockroaches
  8 goblins
  5 hobgoblins
  5 kobolds
  4 quokkas
  3 ball pythons
  4 bats
  3 frilled lizards
  5 rats
99 creatures vanquished.

Notes
Turn   | Place    | Note
-------+----------+-------------------------------------------
     0 | D:1      | Fuzzwah the Minotaur Berserker began the quest for the Orb.
     0 | D:1      | Reached XP level 1. HP: 19/19 MP: 0/0
   223 | D:1      | Reached XP level 2. HP: 27/27 MP: 1/1
   774 | D:2      | Reached skill level 4 in Axes
   774 | D:2      | Reached XP level 3. HP: 33/33 MP: 2/2
   777 | D:2      | Reached skill level 3 in Armour
   881 | D:2      | Reached ** piety under Trog
   897 | D:2      | Reached skill level 4 in Fighting
  1111 | D:2      | Found a basalt altar of Yredelemnul.
  1125 | D:2      | Reached skill level 3 in Dodging
  1379 | D:3      | Found a white marble altar of Elyvilon.
  1383 | D:3      | Found a radiant altar of Vehumet.
  1387 | D:3      | Reached XP level 4. HP: 40/40 MP: 3/3
  1424 | D:3      | Found a snail-covered altar of Cheibriados.
  1435 | D:3      | Found a shimmering altar of Xom.
  1971 | D:4      | Found a glowing golden altar of the Shining One.
  2078 | D:4      | Noticed Eustachio
  2104 | D:4      | Killed Eustachio
  2104 | D:4      | Reached skill level 5 in Axes
  2104 | D:4      | Reached skill level 4 in Armour
  2104 | D:4      | Reached XP level 5. HP: 40/47 MP: 4/4
  2111 | D:4      | Noticed Sigmund
  2424 | D:4      | Noticed Blork the orc
  2427 | D:4      | Noticed an ogre
  2433 | D:4      | Killed Blork the orc
  2433 | D:4      | Reached XP level 6. HP: 55/55 MP: 5/5
  2435 | D:4      | Reached skill level 5 in Fighting
  2435 | D:4      | Reached skill level 6 in Axes
  2435 | D:4      | Reached skill level 4 in Dodging
  2540 | D:4      | Reached *** piety under Trog
  2582 | D:4      | Reached XP level 7. HP: 61/61 MP: 6/6
  2644 | D:4      | Killed Sigmund
  2644 | D:4      | Reached skill level 7 in Axes
  2644 | D:4      | Reached skill level 5 in Armour
  2838 | D:4      | Found a runed door.
  2842 | D:4      | Noticed Crazy Yiuf
  2845 | D:4      | Killed Crazy Yiuf
  3015 | D:5      | Entered Level 5 of the Dungeon
  3056 | D:5      | Found Sitsuv's Distillery.
  3065 | D:5      | Bought a potion of curing for 39 gold pieces
  3065 | D:5      | Bought a potion of mutation for 32 gold pieces
  3100 | D:5      | Found a staircase to the Ecumenical Temple.
  3111 | D:5      | Found Ahalofoesa's Antique Armour Emporium.
  3113 | D:5      | Found Gusk's Food Boutique.
  3131 | D:5      | Found an iron altar of Okawaru.
  3304 | D:5      | Noticed Prince Ribbit
  3310 | D:5      | Killed Prince Ribbit
  3310 | D:5      | Reached skill level 6 in Fighting
  3402 | D:5      | Reached skill level 5 in Dodging
  3406 | D:5      | Reached XP level 8. HP: 67/70 MP: 7/7
  3468 | D:5      | Found Venaphuz's Antique Weapon Emporium.
  3494 | D:5      | Found a bloodstained altar of Trog.
  3586 | D:6      | Reached skill level 8 in Axes
  3586 | D:6      | Reached skill level 1 in Evocations
  4411 | D:7      | HP: 17/71 [orc warrior/halberd (17)]
  4415 | D:7      | Reached skill level 2 in Evocations
  4415 | D:7      | HP: 5/106 [orc warrior/halberd (21)]
  4417 | D:7      | Slain by an orc warrior

Vault maps used:
D:1:      dpeg_arrival_rooms_b, st_stairs_4
D:2:      nicolae_overflow_crystal_walls, minmay_misc_feat_diagonals
D:3:      grunt_temple_overflow_open, amethyst_overflow_temple_binary
D:4:      tso_metal_star, first_bread, uniq_crazy_yiuf_cottage, uniq_sigmund,
          uniq_eustachio, uniq_blork_the_orc
D:5:      lightli_temple_of_fire, serial_shops, shop,
          nicolae_shop_overgrown_old_shop, shop,
          nicolae_shop_overgrown_old_shop, okawaru_metal_pillars_1_2,
          uniq_prince_ribbit1
D:7:      corexii_shantytown, uniq_pikel

Skill      XL: |  1  2  3  4  5  6  7  8 |
---------------+-------------------------+-----
Axes           | 4 5 6 7 8 |  8.4
Armour         | 3 4 5 |  5.8
Fighting       | 4 5 6 |  6.7
Dodging        | 3 4 5 |  5.5
Evocations     | 2 |  2.0

Action                   |  1- 3 |  4- 6 |  7- 9 || total
-------------------------+-------+-------+-------++-------
Melee: Hand axe          |    21 |       |       ||    21
       Headbutt          |    11 |    14 |    20 ||    45
       Spear             |    52 |       |       ||    52
       Mace              |       |    48 |   105 ||   153
Invok: Berserk           |     1 |     2 |     4 ||     7
  Use: Scroll            |       |       |    10 ||    10
 Stab: Sleeping          |     1 |       |     2 ||     3
  Eat: Chunk             |     2 |     6 |     7 ||    15
       Beef jerky        |       |       |     1 ||     1
       Fruit             |       |       |     6 ||     6
Armor: Animal skin       |     8 |    13 |    39 ||    60
Dodge: Dodged            |    31 |    23 |    79 ||   133

Vault maps used:
D:1:      dpeg_arrival_rooms_b, st_stairs_4
D:2:      nicolae_overflow_crystal_walls, minmay_misc_feat_diagonals
D:3:      grunt_temple_overflow_open, amethyst_overflow_temple_binary
D:4:      tso_metal_star, first_bread, uniq_crazy_yiuf_cottage, uniq_sigmund,
          uniq_eustachio, uniq_blork_the_orc
D:5:      lightli_temple_of_fire, serial_shops, shop,
          nicolae_shop_overgrown_old_shop, shop,
          nicolae_shop_overgrown_old_shop, okawaru_metal_pillars_1_2,
          uniq_prince_ribbit1
D:7:      corexii_shantytown, uniq_pikel

Table legend:
 A = Turns spent in this place as a percentage of turns spent in the entire game.
 B = Non-inter-level travel turns spent in this place as a percentage of non-inter-level travel turns spent in the entire game.
 C = Inter-level travel turns spent in this place as a percentage of turns spent in this place.
 D = Turns resting spent in this place as a percentage of non-inter-level travel turns spent in this place.
 E = Turns spent auto-exploring this place as a percentage of non-inter-level travel turns spent in this place.
 F = Non-inter-level travel turns spent in this place divided by the number of levels of this place that you've seen.
                   A       B       C       D       E      F
               +-------+-------+-------+-------+-------+----------------------
         Total | 100.0 | 100.0 |   1.0 |   3.5 |  18.8 | 113.1
       Dungeon | 100.0 | 100.0 |   1.0 |   3.5 |  18.8 | 113.1
               +-------+-------+-------+-------+-------+----------------------

Table legend:
 A = Kills in this place as a percentage of kills in entire the game.
 B = Kills by you in this place as a percentage of kills by you in the entire game.
 C = Kills by friends in this place as a percentage of kills by friends in the entire game.
 D = Other kills in this place as a percentage of other kills in the entire game.
 E = Experience gained in this place as a percentage of experience gained in the entire game.
 F = Experience gained in this place divided by the number of levels of this place that you have seen.
                   A       B       C       D       E      F
               +-------+-------+-------+-------+-------+----------------------
         Total | 100.0 | 100.0 |  -nan |  -nan | 100.0 | 299.9
       Dungeon | 100.0 | 100.0 |  -nan |  -nan | 100.0 | 299.9
               +-------+-------+-------+-------+-------+----------------------
